 Dungeon Crawl Stone Soup version 0.30-a0-630-g881e3bac89 (webtiles) character file.

Game seed: 13834742821406939463

3445 M4edhros the Covert (level 10, -4/60 (69) HPs)
             Began as an Octopode Delver on Jan 13, 2023.
             Was an Elder of Fedhas.
             Slain by an orc warrior
             ... wielding a +2 dire flail of draining
              (9 damage)
             ... on level 8 of the Dungeon.
             The game lasted 00:09:17 (6219 turns).

M4edhros the Covert (Octopode Delver)               Turns: 6219, Time: 00:09:18

HP:   -4/60 (69)    AC:  1    Str: 12    XL:     10   Next: 5%
MP:   10/10         EV: 16    Int: 12    God:    Fedhas [****..]
Gold: 167           SH:  0    Dex: 18    Spells: 4/9 levels left

rFire   x . .      SeeInvis .    z - +2 trident (protect)
rCold   + + .      Faith    .    (no shield)
rNeg    . . .      Spirit   .    (helmet restricted)
rPois   .          Reflect  .    (no amulet)
rElec   .          Harm     .    f - ring of ice
rCorr   .          Rampage  .    n - ring of protection from cold
Will    .....                    (no ring)
Stlth   ++++++                   (no ring)
HPRegen 0.30/turn                (no ring)
MPRegen 0.12/turn                (no ring)
                                 (no ring)
                                 (no ring)

@: heavily drained
A: almost no armour, amphibious, 8 rings, camouflage 1, gelatinous body 1,
(nimble swimmer 1), tentacles
a: Renounce Religion, Wall of Briars, Grow Ballistomycete, Overgrow


You were on level 8 of the Dungeon.
You worshipped Fedhas.
Fedhas was greatly pleased with you.
You visited 2 branches of the dungeon, and saw 9 of its levels.

You collected 287 gold pieces.
You spent 120 gold pieces at shops.

Inventory:

Hand Weapons
 h - a +2 scythe of venom
 z - a +2 trident of protection (weapon)
Missiles
 i - 5 javelins
 u - 4 poisoned darts (quivered)
 x - 3 curare-tipped darts
Jewellery
 f - a ring of ice (left tentacle)
 n - a ring of protection from cold (right tentacle)
Wands
 e - a wand of digging (2)
 q - a wand of iceblast (8)
Scrolls
 a - a scroll of fog
 b - 2 scrolls of magic mapping
 c - 2 scrolls of fear
 g - a scroll of enchant weapon {unknown}
 j - 7 scrolls of teleportation {unknown}
 k - 3 scrolls of poison {unknown}
 l - 2 scrolls of brand weapon {unknown}
 o - a scroll of enchant armour {unknown}
 s - 6 scrolls of identify {unknown}
 v - 3 scrolls of immolation {unknown}
 y - a scroll of vulnerability {unknown}
Potions
 d - 2 potions of haste
 m - a potion of degeneration {unknown}
 p - a potion of brilliance {unknown}
 w - 3 potions of curing


   Skills:
 + Level 6.6 Fighting
 * Level 6.5 Polearms
 + Level 6.2 Dodging
 + Level 10.8 Stealth
 - Level 3.5 Unarmed Combat
 + Level 3.2 Conjurations
 + Level 3.0 Ice Magic
 + Level 3.0 Air Magic
 * Level 0.7 Invocations


You had 4 spell levels left.
You knew the following spells:

 Your Spells              Type           Power      Damage    Failure   Level
a - Freezing Cloud        Conj/Ice/Air   5%         6-21      95%         5

Your spell library contained the following spells:

 Spells                   Type           Power      Damage    Failure   Level
 Apportation              Tloc           0%         N/A       32%         1
 Necrotise                Necr           0%         1d4       32%         1
 Summon Small Mammal      Summ           0%         N/A       32%         1
 Kindle Blastsparks       Fire/Tloc/Air  4%         2d10      54%         3
 Ignite Poison            Fire/Tmut/Pois 0%         N/A       69%         3
 Inner Flame              Hex/Fire       0%         N/A       69%         3
 Cause Fear               Hex            0%         N/A       97%         4
 Discord                  Hex            0%         N/A       100%        8


Dungeon Overview and Level Annotations

Branches:
Dungeon (8/15)             Temple (1/1) D:7
   Lair: D:8-11

Altars:
Ashenzari
Fedhas
Kikubaaqudgha
Makhleb
Nemelex Xobeh
Okawaru
Qazlal
Ru
Sif Muna
Uskayaw
Vehumet
Wu Jian
Xom
The Shining One

Shops:
D:1 =   D:4 !


Innate Abilities, Weirdness & Mutations

You cannot wear most types of armour.
You are amphibious.
You can wear up to eight rings at the same time.
Your skin changes colour to match your surroundings (Stealth+).
Your rubbery body absorbs attacks. (AC +1, EV +1)
((You are camouflaged when in or above water. (Stealth+)))
You have tentacles for arms and can constrict up to eight enemies at once.


Message History

You constrict the orc warrior, but do no damage.
The orc priest looks encouraged for a moment.
The orc warrior hits you with a +2 dire flail of draining!!
You feel drained.
You are too injured to fight recklessly!
You are too injured to fight recklessly!
You are too injured to fight recklessly!
You feel better.
You constrict the orc warrior.
The orc priest calls upon Beogh to heal the orc warrior.
The orc warrior's wounds heal themselves!
The orc warrior hits you with a +2 dire flail of draining.
You feel drained.
Okay, then.
Aiming: Dig
Press: ? - help, Shift-Dir - straight line, f - you Please select a direction to dig.
The rock shatters into small pieces.
You constrict the orc warrior, but do no damage.
The orc warrior barely misses you.
Aiming: Iceblast
Press: ? - help, Shift-Dir - straight line The mass of ice explodes!
The iceblast engulfs the orc priest.
The orc priest is lightly wounded.
You constrict the orc warrior.
You hear a shout!
The orc priest invokes the aid of Beogh against you.
Beogh smites you! The orc warrior closely misses you.
Aiming: Iceblast
Press: ? - help, Shift-Dir - straight line The mass of ice explodes!
The iceblast engulfs the orc priest!
The orc priest is almost dead.
You constrict the orc warrior.
You hear an angry growl.
The orc priest calls upon Beogh to heal the orc warrior.
The orc warrior's wounds heal themselves!
The orc warrior hits you with a +2 dire flail of draining!!
* * * LOW HITPOINT WARNING * * *
You feel drained.
You die...
Fedhas appreciates your contribution to the ecosystem.

..o.........# #.#........
............# #.#.......#
...........####.######...
................######.#.
...#.#.......##..........
# #.#o.....##.######.##
#####.#.................
.......o################
#@# +.# #.# #.# #.# #.#
#.# #.#


You could see an orc warrior and an orc priest.

Vanquished Creatures
  Pikel (D:6)
  Prince Ribbit (D:6)
  Sigmund (D:3)
  4 water moccasins
  An ice beast (D:5)
  2 black bears
  An ogre (D:4)
  An orc warrior (D:7)
  3 sky beasts (D:6)
  A centaur (D:6)
  2 bullfrogs
  3 necrophages
  2 scorpions (D:5)
  A gnoll sergeant (D:7)
  A howler monkey (D:6)
  8 hounds
  A jelly (D:7)
  2 orc priests
  A gnoll bouda (D:6)
  8 orc wizards
  2 iguanas
  Natasha (twice) (D:3)
  8 gnolls
  5 adders
  A white imp (D:7)
  An ufetubus (D:6)
  2 worms (D:3)
  A dart slug (D:5)
  30 orcs
  2 bats
  An endoplasm (D:4)
  2 giant cockroaches
  5 goblins
  6 hobgoblins
  3 jackals (D:1)
  3 quokkas
  6 ball pythons
  5 frilled lizards
  9 kobolds
  2 rats
141 creatures vanquished.

Vanquished Creatures (others)
  A fungus (D:5)
1 creature vanquished.

Grand Total: 142 creatures vanquished

Notes
Turn   | Place    | Note
-------+----------+-------------------------------------------
     0 | D:5      | M4edhros the Octopode Delver began the quest for the Orb.
     0 | D:5      | Reached XP level 1. HP: 16/16 MP: 1/1
     1 | D:6      | Noticed a howler monkey
     1 | D:6      | Noticed a sky beast
     1 | D:6      | Noticed a lemure
     1 | D:6      | Noticed a lemure
     1 | D:6      | Noticed a black bear
    18 | D:5      | Noticed a scorpion
    50 | D:5      | Found a shimmering blue altar of Sif Muna.
    51 | D:5      | Noticed a bullfrog
    67 | D:5      | Killed a bullfrog
    68 | D:5      | Reached skill level 7 in Stealth
    68 | D:5      | Reached XP level 2. HP: 17/21 MP: 2/2
    68 | D:5      | Reached XP level 3. HP: 21/26 MP: 3/3
    68 | D:5      | Reached XP level 4. HP: 25/31 MP: 4/4
   129 | D:6      | Noticed a lemure
   129 | D:6      | Noticed a lemure
   152 | D:5      | Found a glowing golden altar of the Shining One.
   180 | D:5      | Found a blossoming altar of Fedhas.
   186 | D:5      | Became a worshipper of Fedhas Madash
   246 | D:5      | Noticed a scorpion
   253 | D:5      | Killed a scorpion
   254 | D:5      | Reached XP level 5. HP: 30/37 MP: 5/5
   267 | D:4      | Noticed a black bear
   268 | D:4      | Noticed an ogre
   275 | D:4      | Killed a black bear
   276 | D:4      | Reached XP level 6. HP: 21/43 MP: 6/6
   277 | D:4      | Found Meirr's Distillery.
  1140 | D:1      | Found Hoidifyw's Jewellery Shop.
  1293 | D:1      | Reached * piety under Fedhas
  1432 | D:1      | Found a faded altar of an unknown god.
  1742 | D:3      | Noticed Sigmund
  1758 | D:2      | Reached skill level 8 in Stealth
  1920 | D:3      | Killed Sigmund
  1921 | D:3      | Reached XP level 7. HP: 20/49 MP: 7/7
  2032 | D:3      | Found a broken altar of Ashenzari.
  2137 | D:3      | Found a radiant altar of Vehumet.
  2160 | D:3      | Noticed Natasha
  2165 | D:3      | Killed Natasha
  2785 | D:3      | Noticed Natasha
  2786 | D:3      | Killed Natasha
  2787 | D:3      | Reached skill level 1 in Polearms
  2941 | D:4      | Reached skill level 5 in Fighting
  2976 | D:4      | Bought a potion of curing for 30 gold pieces
  2976 | D:4      | Bought a potion of curing for 30 gold pieces
  2976 | D:4      | Bought a potion of curing for 30 gold pieces
  2976 | D:4      | Bought a potion of curing for 30 gold pieces
  3011 | D:4      | Reached ** piety under Fedhas
  3012 | D:4      | Reached skill level 9 in Stealth
  3031 | D:4      | Found an iron altar of Okawaru.
  3305 | D:4      | Found a shimmering altar of Xom.
  3311 | D:4      | Found a shimmering altar of Xom.
  3312 | D:4      | Found a shimmering altar of Xom.
  3313 | D:4      | Found a shimmering altar of Xom.
  3319 | D:4      | Found a shimmering altar of Xom.
  3357 | D:4      | Reached XP level 8. HP: 52/55 MP: 8/8
  3658 | D:5      | Found a hide-covered altar of Uskayaw.
  3797 | D:5      | Reached skill level 5 in Dodging
  3924 | D:5      | Found a burning altar of Makhleb.
  4197 | D:5      | Learned a level 5 spell: Freezing Cloud
  4229 | D:6      | Noticed Pikel
  4247 | D:6      | Killed Pikel
  4248 | D:6      | Reached skill level 5 in Polearms
  4248 | D:6      | Reached skill level 10 in Stealth
  4248 | D:6      | Reached skill level 1 in Conjurations
  4248 | D:6      | Reached skill level 1 in Ice Magic
  4248 | D:6      | Reached skill level 1 in Air Magic
  4248 | D:6      | Reached XP level 9. HP: 43/62 MP: 9/9
  4316 | D:6      | Reached *** piety under Fedhas
  4476 | D:6      | Noticed Prince Ribbit
  4489 | D:6      | Killed Prince Ribbit
  4643 | D:6      | Found a sparkling altar of Nemelex Xobeh.
  5103 | D:6      | Found a sacrificial altar of Ru.
  5159 | D:6      | Identified the +0 robe "Uniung" {rCorr}
  5267 | D:7      | Found a staircase to the Ecumenical Temple.
  5651 | D:7      | Reached XP level 10. HP: 69/69 MP: 10/10
  6101 | D:8      | Found an ancient bone altar of Kikubaaqudgha.
  6132 | Temple   | Entered the Ecumenical Temple
  6213 | D:8      | Reached **** piety under Fedhas
  6219 | D:8      | Slain by an orc warrior

Illustrated notes

Levels and vault maps discovered:
D:1:      wander_arrival_chamber, layout_basic,
          shapermc_ecumenical_altar_totnotflames, serial_shops, shop
D:2:      layout_loops_cross, minmay_pentomino_o2
D:3:      layout_basic, nicolae_ashenzari_skybound,
          mainiacjoe_overflow_24_doors, chequers_serial_rivers_small_b,
          uniq_sigmund, uniq_natasha
D:4:      layout_rooms, xom_redecorated, okawaru_gym_becter, serial_shops, shop
D:5:      layout_loops_cross, makhleb_heckhound_becter,
          lemuel_coloured_pillars_altar, fedhas_altar_3,
          mainiacjoe_overflow_small_starburst, tso_metal_star,
          kennysheep_generic_room_15
D:6:      layout_basic, nemelex_spade_bored_becter, nicolae_ru_path_of_blood,
          grunt_ministairs_13, uniq_pikel, uniq_prince_ribbit1
D:7:      layout_basic, minmay_temple_entry_wispy, nicolae_water_bricks
D:8:      wad_arrow_thing, layout_basic, lemuel_crystal_altar,
          minmay_statues_item
Temple:   nicolae_temple_ecumenical_triangle

Skill      XL: |  1  2  3  4  5  6  7  8  9 10 |
---------------+-------------------------------+-----
Stealth        | 7 8 9 10 | 10.8
Dodging        | 3 4 5 6 |  6.2
Unarmed Combat | 3 |  3.5
Fighting       | 4 5 6 |  6.6
Polearms       | 3 5 6 |  6.5
Conjurations   | 1 3 |  3.2
Ice Magic      | 1 2 3 |  3.0
Air Magic      | 1 2 3 |  3.0
Invocations    | |  0.7

Action                   |  1- 3 |  4- 6 |  7- 9 | 10-12 || total
-------------------------+-------+-------+-------+-------++-------
Melee: Unarmed           |    12 |    69 |       |       ||    81
       Constrict         |       |    19 |    44 |     5 ||    68
       Tentacles         |       |    11 |    57 |     5 ||    73
       Punch             |       |     1 |     8 |       ||     9
       Halberd           |       |       |    69 |       ||    69
       Trident           |       |       |   215 |    26 ||   241
Throw: Dart              |       |     3 |       |       ||     3
Evoke: Wand              |       |     6 |       |     4 ||    10
  Use: Potion            |     1 |     1 |     8 |     1 ||    11
       Scroll            |       |       |     3 |       ||     3
 Stab: Sleeping          |       |    17 |    19 |       ||    36
       Distracted        |       |       |     1 |       ||     1
       Invisible         |       |       |     6 |       ||     6
Armor: Skin              |    12 |     7 |   204 |     7 ||   230
Dodge: Dodged            |     1 |    26 |   165 |    24 ||   216

Table legend: (Time is in decaauts)
 A = Elapsed time spent in this place.
 B = Non-inter-level travel time spent in this place.
 C = Inter-level travel time spent in this place.
 D = Time resting spent in this place.
 E = Time spent auto-exploring this place.
 F = Levels seen in this place.
 G = Mean time per level.
                   A        B        C        D        E       F      G
               +--------+--------+--------+--------+--------+-----+--------+
         Total |   6255 |   5922 |    333 |     48 |   4589 |   9 |  695.0 |
       Dungeon |   6253 |   5921 |    332 |     48 |   4589 |   8 |  781.6 |
        Temple |      1 |      0 |      1 |      0 |      0 |   1 |    1.0 |
               +--------+--------+--------+--------+--------+-----+--------+

Top non-repeatable levels by time:
     D:3: 1096 daAuts
     D:2: 982 daAuts
     D:7: 960 daAuts
     D:6: 954 daAuts
     D:5: 951 daAuts
     D:4: 643 daAuts
     D:1: 589 daAuts
     D:8: 75 daAuts
  Temple: 1 daAuts
